 Dungeon Crawl Stone Soup version 0.27.1-3-gb3d3a73c9e (webtiles) character file.

Game seed: 4503578952086828853

549 andesha the Ruffian (level 7, -3/67 HPs)
             Began as a Troll Berserker on Oct 14, 2021.
             Was a Believer of Trog.
             Killed from afar by cummra's ghost (27 damage)
             ... with a stone arrow
             ... on level 4 of the Dungeon on Oct 15, 2021.
             The game lasted 00:21:20 (1511 turns).

andesha the Ruffian (Troll Berserker)               Turns: 1511, Time: 00:21:22

Health: -3/67      AC:  5    Str: 28    XL:     7   Next: 7%
Magic:  1/6        EV: 10    Int:  3    God:    Trog [**....]
Gold:   78         SH:  0    Dex:  9    Spells: 6/6 levels left

rFire    . . .     SeeInvis .   j - +4 mace
rCold    . . .     Faith    .   (no shield)
rNeg     . . .     Spirit   .   a - +0 animal skin
rPois    .         Reflect  .   (helmet restricted)
rElec    .         Harm     .   h - +0 cloak
rCorr    .         Rampage  .   (gloves unavailable)
Will     .....                  (boots unavailable)
Stlth    +.........             (no amulet)
HPRegen  1.21/turn              (no ring)
MPRegen  0.10/turn              (no ring)

@: no status effects
A: large, unfitting armour, claws 3, regeneration 1, shaggy fur 1, tough skin 1
a: Renounce Religion, Berserk, Trog's Hand


You were on level 4 of the Dungeon.
You worshipped Trog.
Trog was pleased with you.
You visited 1 branch of the dungeon, and saw 4 of its levels.

You collected 78 gold pieces.

Inventory:

Hand Weapons
 j - a +4 mace (weapon)
Missiles
 c - 3 javelins (quivered)
Armour
 a - a +0 animal skin (worn)
 h - a +0 cloak (worn)
Wands
 f - a wand of flame (24)


   Skills:
 + Level 3.5 Fighting
 + Level 1.5 Maces & Flails
 + Level 3.6 Dodging
 + Level 0.7 Stealth
 + Level 6.1 Unarmed Combat


You had 6 spell levels left.
You didn't know any spells.
Your spell library was empty.

Dungeon Overview and Level Annotations

Branches:
Dungeon (4/15)
 Temple: D:4-7

Altars:
Fedhas
Gozag
Yredelemnul
Zin

Annotations:
D:4 1 transporter, cummra's ghost, novice GrEE


Innate Abilities, Weirdness & Mutations

You are too large for most types of armour.
You have claws for hands.
Your natural rate of healing is unusually fast.
You are covered in fur. (AC +1)
You have tough skin. (AC +1)


Message History

You kill the ogre!
Trog accepts your kill.
You have reached level 7!
Hit: j) +4 mace
Press: ? - help, Dir - move target, f - cummra's ghost
Aim: cummra's ghost (about 42% to evade your +4 mace)
You hit cummra's ghost.
Cummra's ghost is lightly damaged.
Cummra's ghost casts a spell at you.
The blast of sand hits you but does no damage.
Hit: j) +4 mace
Press: ? - help, Dir - move target, f/p - cummra's ghost
Aim: cummra's ghost (lightly damaged, about 42% to evade your +4 mace)
You hit cummra's ghost but do no damage.
Cummra's ghost is lightly damaged.
Cummra's ghost casts a spell at you. The blast of sand misses you.
Cummra's ghost casts a spell at you. The blast of sand hits you!
* * * LOW HITPOINT WARNING * * *
Hit: j) +4 mace
Press: ? - help, Dir - move target, f/p - cummra's ghost
Aim: cummra's ghost (lightly damaged, about 42% to evade your +4 mace)
You barely miss cummra's ghost.
Cummra's ghost is lightly damaged.
Cummra's ghost hits you but does no damage.
Hit: j) +4 mace
Press: ? - help, Dir - move target, f/p - cummra's ghost
Aim: cummra's ghost (lightly damaged, about 42% to evade your +4 mace)
You barely miss cummra's ghost.
Cummra's ghost is lightly damaged.
Cummra's ghost barely misses you.
Hit: j) +4 mace
Press: ? - help, Dir - move target, f/p - cummra's ghost
Aim: cummra's ghost (lightly damaged, about 42% to evade your +4 mace)
You hit cummra's ghost.
Cummra's ghost is moderately damaged.
Cummra's ghost gestures at you while chanting.
The stone arrow hits you!!
You die...

##########.#
#.....
#......)...# ####
###...
#.##############.#
#... #.#
#......#.# #...
#.# #.#..#.#.#
####.## #.#
#..##..#.# #....##
#†# #..
#..#.###.##.# #)#
#.#..#$#©.##.##.#
#.#
#@W...)#...#.##.#
#.#
#.#..#.#©....##.#
#.#
#..##..#.###.##.#
#.#### #..##..#..
..##.# #....#
#.#..#.#.######.#
####.# #.....©#.#
#.# ########.# #
#.# #.# # #.## #.
#


You could see cummra's ghost.

Vanquished Creatures
  2 ogres
  A scorpion (D:4)
  A water moccasin skeleton (D:4)
  A hound (D:4)
  A jelly (D:4)
  An orc priest (D:2)
  Crazy Yiuf (D:2)
  An iguana (D:4)
  A hound skeleton (D:4)
  6 adders
  An ufetubus (D:4)
  2 dart slugs
  7 orcs (D:3)
  5 bats
  3 endoplasms
  A giant cockroach (D:3)
  6 goblins
  4 hobgoblins
  5 kobolds
  3 quokkas
  3 ball pythons
  A frilled lizard (D:3)
  4 rats
  A spectral orc (D:3)
62 creatures vanquished.

Vanquished Creatures (others)
  A fungus (D:2)
1 creature vanquished.

Grand Total: 63 creatures vanquished

Notes
Turn   | Place    | Note
-------+----------+-------------------------------------------
     0 | D:1      | andesha the Troll Berserker began the quest for the Orb.
     0 | D:1      | Reached XP level 1. HP: 22/22 MP: 0/0
    77 | D:1      | Reached XP level 2. HP: 29/29 MP: 1/1
   270 | D:2      | Reached XP level 3. HP: 36/36 MP: 2/2
   342 | D:2      | Reached ** piety under Trog
   460 | D:2      | Found a runed translucent door.
   461 | D:2      | Noticed Crazy Yiuf
   467 | D:2      | Killed Crazy Yiuf
   468 | D:2      | Reached skill level 4 in Unarmed Combat
   468 | D:2      | Reached XP level 4. HP: 35/44 MP: 3/3
   626 | D:3      | Noticed an ogre
   638 | D:3      | Killed an ogre
   639 | D:3      | Reached skill level 5 in Unarmed Combat
   639 | D:3      | Reached XP level 5. HP: 53/53 MP: 4/4
   710 | D:3      | Found a blossoming altar of Fedhas.
   759 | D:3      | Found an opulent altar of Gozag.
   759 | D:3      | Found a glowing silver altar of Zin.
   936 | D:3      | Found a basalt altar of Yredelemnul.
  1219 | D:4      | Reached XP level 6. HP: 54/61 MP: 5/5
  1374 | D:4      | Reached skill level 6 in Unarmed Combat
  1450 | D:4      | Reached skill level 1 in Maces & Flails
  1491 | D:4      | Found a transporter.
  1491 | D:4      | Noticed cummra's ghost (novice GrEE)
  1494 | D:4      | Found a transporter.
  1494 | D:4      | Identified the +6 dire flail of the Scroll {antimagic,
                  | rElec rF+ Str+10 Dex-3}
  1507 | D:4      | Reached XP level 7. HP: 26/67 MP: 0/6
  1511 | D:4      | Killed from afar by cummra's ghost

Illustrated notes

Levels and vault maps discovered:
D:1:      erik_arrival_cave_to_civilisation [erik_arrival_cave_to_hall],
          layout_loops_ring, chequers_ecumenical_altar_grove, minmay_bisected
D:2:      layout_basic, uniq_crazy_yiuf_cottage
D:3:      layout_loops_corners, grunt_temple_overflow_gold_and_silver,
          fedhas_altar_2, yredelemnul_forgotten_temple_becter,
          hangedman_feature_mirror, uniq_terence
D:4:      layout_loops_ring, gammafunk_ghost_smash, kennysheep_generic_room_9

Skill      XL: |  1  2  3  4  5  6 |
---------------+-------------------+-----
Unarmed Combat | 4 5 6 |  6.1
Fighting       | 3 |  3.5
Dodging        | 3 |  3.6
Maces & Flails | 1 |  1.5
Stealth        | |  0.7

Action                   |  1- 3 |  4- 6 |  7- 9 || total
-------------------------+-------+-------+-------++-------
Melee: Unarmed           |    56 |    54 |       ||   110
       Punch             |     1 |     1 |       ||     2
       Mace              |       |    55 |     5 ||    60
Throw: Javelin           |       |     1 |       ||     1
Invok: Berserk           |       |     1 |       ||     1
       Trog's Hand       |       |     1 |       ||     1
  Use: Scroll            |     2 |     3 |       ||     5
       Potion            |       |     1 |       ||     1
Armor: Animal skin       |    11 |    44 |     2 ||    57
Dodge: Dodged            |    19 |    67 |     2 ||    88
